 Dungeon Crawl Stone Soup version 0.28-a0-472-g50180c0d78 (webtiles) character file.

Game seed: 12986756051671294676

1151 Morbidden the Ruffian (level 8, 0/65 (72) HPs)
             Began as a Troll Earth Elementalist on Sept 15, 2021.
             Was a Follower of Cheibriados.
             Slain by a wight (6 damage)
             ... on level 6 of the Dungeon.
             The game lasted 00:07:01 (4252 turns).

Morbidden the Ruffian (Troll Earth Elementalist)    Turns: 4252, Time: 00:07:02

HP:   0/65 (72)     AC:  4    Str: 19    XL:     8   Next: 15%
MP:   8/10          EV: 10    Int: 15    God:    Cheibriados [*.....]
Gold: 196           SH:  0    Dex: 12    Spells: 7/11 levels left

rFire   + . .      SeeInvis .     - Unarmed
rCold   . . .      Faith    .   (no shield)
rNeg    . . .      Spirit   .   b - +0 robe
rPois   .          Reflect  .   (helmet restricted)
rElec   .          Harm     .   q - scarf {shadows}
rCorr   .          Rampage  .   (gloves unavailable)
Will    .....                   (boots unavailable)
Stlth   ++........              n - amulet of regeneration
HPRegen 2.20/turn               a - ring of protection from fire
MPRegen 0.12/turn               (no ring)

@: drained, very slow
A: large, unfitting armour, claws 3, regeneration 1, shaggy fur 1, tough skin 1
a: Renounce Religion, Bend Time


You were on level 6 of the Dungeon.
You worshipped Cheibriados.
Cheibriados was aware of your devotion.
You visited 2 branches of the dungeon, and saw 7 of its levels.

You collected 196 gold pieces.

Inventory:

Missiles
 c - 114 stones
 k - 15 poisoned darts (quivered)
Armour
 b - a +0 robe (worn)
 d - a +0 cloak
 q - a scarf of shadows (worn)
Magical Staves
 h - a staff of death
Jewellery
 a - a ring of protection from fire (left claw)
 n - an amulet of regeneration (around neck)
Scrolls
 f - 4 scrolls of identify
 g - a scroll of fear {unknown}
 i - 3 scrolls of teleportation
 l - 2 scrolls of immolation
 m - a scroll of blinking {unknown}
 o - a scroll of vulnerability {unknown}
 r - a scroll of enchant armour
Potions
 e - 2 potions of haste
 j - a potion of magic {unknown}


   Skills:
 * Level 2.1 Fighting
 + Level 0.3 Throwing
 * Level 3.4 Dodging
 + Level 1.6 Stealth
 * Level 5.4 Unarmed Combat
 * Level 2.1 Spellcasting
 * Level 2.1 Transmutations
 * Level 3.8 Earth Magic
 * Level 2.1 Invocations


You had 7 spell levels left.
You knew the following spells:

 Your Spells              Type           Power      Damage    Failure   Level
a - Sandblast             Erth           26%        2d8       4%          1
b - Stone Arrow           Conj/Erth      14%        3d7       30%         3

Your spell library contained the following spells:

 Spells                   Type           Power      Damage    Failure   Level
 Passwall                 Tmut/Erth      8%         N/A       10%         2
 Apportation              Tloc           2%         N/A       22%         1
 Tukima's Dance           Hex            1%         N/A       54%         3
 Petrify                  Tmut/Erth      10%        N/A       54%         4
 Passage of Golubria      Tloc           N/A        N/A       91%         4
 Alistair's Intoxication  Tmut/Pois      2%         N/A       98%         5
 Yara's Violent Unravell  Hex/Tmut       2%         3d3       98%         5
 Invisibility             Hex            0%         N/A       100%        6


Dungeon Overview and Level Annotations

Branches:
Dungeon (6/15)             Temple (1/1) D:4

Altars:
Cheibriados
Dithmenos
Elyvilon
Fedhas
Gozag
Hepliaklqana
Kikubaaqudgha
Makhleb
Nemelex Xobeh
Qazlal
Ru
Trog
Vehumet
Wu Jian
Xom
Zin

Shops:
D:3 =(=

Annotations:
D:5 3 runed translucent doors, Morbidden's ghost, novice DgIE


Innate Abilities, Weirdness & Mutations

You are too large for most types of armour.
You have claws for hands.
Your natural rate of healing is unusually fast.
You are covered in fur. (AC +1)
You have tough skin. (AC +1)


Message History

The wight barely misses you.
You claw the wight!
The wight is heavily damaged.
The wight closely misses you.
The wight hits you with a +0 long sword.
You feel drained. The wight completely misses you.
You claw the wight!
The wight is almost destroyed.
The wight hits you with a +0 short sword.
The wight hits you with a +0 long sword!
You claw the wight!
You destroy the wight!
Cheibriados appreciates the change of pace.
The wight hits you from afar with a +2 halberd!
You feel drained. The wight closely misses you.
You are too injured to fight recklessly!
Casting: Sandblast (safe; 4% risk of failure)
Confirm with . or Enter, or press ? or * to list all spells.
Aiming: Sandblast (safe; 4% risk of failure)
Press: ? - help, Shift-Dir - straight line, f - wight
Aim: a wight, wielding a +0 short sword and wearing a +0 robe (79% to hit)
The blast of sand hits the wight.
The wight is lightly damaged.
c - 115 stones The wight hits you from afar with a +2 halberd!
You feel drained.
* * * LOW HITPOINT WARNING * * *
The wight barely misses you.
Casting: Sandblast (safe; 4% risk of failure)
Confirm with . or Enter, or press ? or * to list all spells.
Aiming: Sandblast (safe; 4% risk of failure)
Press: ? - help, Shift-Dir - straight line, f/p - wight
Aim: a wight, wielding a +0 short sword and wearing a +0 robe (lightly damaged, 79% to hit)
The blast of sand hits the wight but does no damage.
The wight is lightly damaged.
c - 114 stones The wight hits you from afar with a +2 halberd!
* * * LOW HITPOINT WARNING * * *
You feel drained.
You die...

#..# ..#........###
.............##
..............#
.............#
......z......# #####
.....).o.....# ##...#
.....z@......# ##....##
.............# #......#
.............###.......
...........#.##...).$..
...........#.#.........
>.........##...........
#######.....#..........
##...............
##............[.


You could see 2 wights and an orc wizard.

Vanquished Creatures
  A water moccasin (D:6)
  An ice beast (D:6)
  2 necrophages (D:6)
  A centaur (D:6)
  A wyvern skeleton (D:5)
  2 wights (D:6)
  2 howler monkeys
  A hound (D:5)
  An orc priest (D:4)
  A jelly (D:5)
  A bullfrog skeleton (D:5)
  4 iguanas
  An orc wizard (D:5)
  2 hound zombies (D:5)
  2 hound skeletons
  2 adders
  A howler monkey skeleton (D:5)
  A worm (D:2)
  4 dart slugs
  11 orcs
  3 endoplasms
  6 giant cockroaches
  13 goblins
  6 hobgoblins
  3 jackals (D:1)
  2 kobolds
  4 quokkas
  2 ball pythons
  3 bats
  2 frilled lizards
  4 rats
90 creatures vanquished.

Vanquished Creatures (collateral kills)
  An ogre (D:6)
1 creature vanquished.

Grand Total: 91 creatures vanquished

Notes
Turn   | Place    | Note
-------+----------+-------------------------------------------
     0 | D:1      | Morbidden the Troll Earth Elementalist began the quest for
                  | the Orb.
     0 | D:1      | Reached XP level 1. HP: 16/16 MP: 1/1
   276 | D:1      | Reached XP level 2. HP: 24/24 MP: 2/2
   930 | D:2      | Reached XP level 3. HP: 32/32 MP: 4/4
   968 | D:2      | Found a sparkling altar of Nemelex Xobeh.
  1321 | D:2      | Reached skill level 1 in Unarmed Combat
  1363 | D:2      | Found a faded altar of an unknown god.
  1444 | D:2      | Reached skill level 1 in Transmutations
  1594 | D:3      | Reached XP level 4. HP: 31/40 MP: 5/5
  1636 | D:3      | Found Kaket's Jewellery Emporium.
  1709 | D:3      | Found Ydduorch's Jewellery Shoppe.
  1745 | D:3      | Found Yghutas's Antique Weapon Emporium.
  2194 | D:4      | Noticed an orc warrior
  2209 | D:5      | Entered Level 5 of the Dungeon
  2243 | D:5      | Reached skill level 1 in Fighting
  2243 | D:5      | Reached XP level 5. HP: 38/48 MP: 6/6
  2294 | D:5      | Reached skill level 2 in Unarmed Combat
  2581 | D:4      | Found a staircase to the Ecumenical Temple.
  2592 | Temple   | Entered the Ecumenical Temple
  2753 | Temple   | Became a worshipper of Cheibriados the Contemplative
  2758 | Temple   | Learned a level 3 spell: Stone Arrow
  2885 | D:5      | Reached XP level 6. HP: 32/55 MP: 7/7
  2944 | D:5      | Found a runed translucent gate.
  2945 | D:5      | Found a runed translucent gate.
  2946 | D:5      | Found a runed translucent gate.
  2948 | D:5      | Noticed Morbidden's ghost (novice DgIE)
  2998 | D:5      | Reached skill level 3 in Unarmed Combat
  3729 | D:6      | Reached XP level 7. HP: 60/62 MP: 8/8
  3936 | D:6      | Reached skill level 4 in Unarmed Combat
  3936 | D:6      | Reached skill level 1 in Invocations
  4100 | D:6      | Reached * piety under Cheibriados
  4209 | D:6      | Reached skill level 5 in Unarmed Combat
  4213 | D:6      | Reached XP level 8. HP: 68/72 MP: 8/10
  4252 | D:6      | Slain by a wight

Illustrated notes

Levels and vault maps discovered:
D:1:      heliophobic_arrival_enchanted_forest, layout_loops_corners
D:2:      kennysheep_the_goblin_king, layout_loops_cross, basic_altar,
          ebering_ecumenical_altar_abandoned
D:3:      layout_basic, serial_shops, nicolae_shop_trees,
          nicolae_lakefront_shop, shop
D:4:      layout_rooms, minmay_temple_entry_mini_moons
D:5:      layout_basic, biasface_ghost_orc_armoury
D:6:      layout_cave_pods
Temple:   nicolae_temple_elliptical

Skill      XL: |  1  2  3  4  5  6  7 |
---------------+----------------------+-----
Earth Magic    | 3 |  3.8
Unarmed Combat | 1 2 3 5 |  5.4
Transmutations | 1 2 |  2.1
Dodging        | 2 3 |  3.4
Fighting       | 1 2 |  2.1
Invocations    | 2 |  2.1
Spellcasting   | 2 |  2.1
Throwing       | |  0.3
Stealth        | |  1.6

Action                   |  1- 3 |  4- 6 |  7- 9 || total
-------------------------+-------+-------+-------++-------
Melee: Unarmed           |   167 |   134 |    72 ||   373
       Punch             |       |       |     1 ||     1
Throw: Dart              |       |       |     5 ||     5
 Cast: Sandblast         |     1 |       |     7 ||     8
  Use: Potion            |       |     4 |       ||     4
       Scroll            |       |     3 |     3 ||     6
 Stab: Sleeping          |     2 |     1 |       ||     3
Armor: Robe              |    48 |    44 |    12 ||   104
Dodge: Dodged            |    81 |    52 |    48 ||   181

Table legend: (Time is in decaauts)
 A = Elapsed time spent in this place.
 B = Non-inter-level travel time spent in this place.
 C = Inter-level travel time spent in this place.
 D = Time resting spent in this place.
 E = Time spent auto-exploring this place.
 F = Levels seen in this place.
 G = Mean time per level.
                   A        B        C        D        E       F      G
               +--------+--------+--------+--------+--------+-----+--------+
         Total |   4579 |   4377 |    202 |    135 |   3369 |   7 |  654.1 |
       Dungeon |   4386 |   4235 |    151 |    135 |   3249 |   6 |  731.0 |
        Temple |    193 |    142 |     51 |      0 |    120 |   1 |  193.0 |
               +--------+--------+--------+--------+--------+-----+--------+

Top non-repeatable levels by time:
     D:5: 1262 daAuts
     D:1: 827 daAuts
     D:6: 739 daAuts
     D:2: 697 daAuts
     D:3: 478 daAuts
     D:4: 381 daAuts
  Temple: 193 daAuts
